 Dungeon Crawl Stone Soup version 0.28-b1-25-g9875b3fc8c (webtiles) character file.

Game seed: 17776215752408601823

49 sanka the Magician (level 3, 0/30 HPs)
             Began as a Deep Elf Transmuter on Feb 7, 2022.
             Succumbed to an adder's poison
             ... on level 2 of the Dungeon.
             The game lasted 00:02:21 (1850 turns).

sanka the Magician (Deep Elf Transmuter)            Turns: 1850, Time: 00:02:21

Health: 0/30       AC: 21    Str:  6 (7)  XL:     3   Next: 53%
Magic:  10/10      EV:  2    Int: 17 (19) God:
Gold:   48         SH:  0    Dex: 12 (15) Spells: 9/10 levels left

rFire   . . .      SeeInvis .     - Unarmed
rCold   . . .      Faith    .   (no shield)
rNeg    . . .      Spirit   .   (armour currently unavailable)
rPois   +          Reflect  .   (helmet currently unavailable)
rElec   .          Harm     .   (cloak currently unavailable)
rCorr   .          Rampage  .   (gloves currently unavailable)
Will    .....      NoTele   +   (boots currently unavailable)
Stlth   +.........              (no amulet)
HPRegen 0.10/turn               (no ring)
MPRegen 0.12/turn               (no ring)

@: lethally poisoned (0 -> -2), tree-form, attractive
A: stationary, stasis, torment immunity, boosted hp
a: no special abilities


You were on level 2 of the Dungeon.
You were a tree.
You visited 1 branch of the dungeon, and saw 2 of its levels.

You collected 48 gold pieces.

Inventory:

Armour
 a - a +0 robe (melded)
Scrolls
 b - a scroll of noise {unknown}
 d - a scroll of silence {unknown}
 f - a scroll of blinking {unknown}


   Skills:
 - Level 0.7 Fighting
 - Level 2.4 Dodging
 - Level 2.4 Unarmed Combat
 + Level 4.0 Spellcasting
 - Level 3.0 Transmutations
 + Level 2.0 Poison Magic


You had 9 spell levels left.
You knew the following spells:

 Your Spells              Type           Power      Damage    Failure   Level
a - Beastly Appendage     Tmut           26%        N/A       4%          1

Your spell library contained the following spells:

 Spells                   Type           Power      Damage    Failure   Level
 Wereblood                Tmut           13%        N/A       7%          2
 Spider Form              Tmut/Pois      11%        N/A       17%         3
 Ice Form                 Ice/Tmut       8%         N/A       63%         4


Dungeon Overview and Level Annotations

Branches:
Dungeon (2/15)

Altars:
Ru


Message History

You miss the adder. Your kick misses the adder. You punch the adder.
The adder is heavily wounded.
You feel sick. The adder bites you.
You are lethally poisoned!
The adder poisons you!
Unknown command.
You miss the adder.
The adder is heavily wounded.
* * * LOW HITPOINT WARNING * * *
You feel sick. The adder bites you.
* * * LOW HITPOINT WARNING * * *
You miss the adder. You claw the adder. You headbutt the adder.
You kill the adder!
* * * LOW HITPOINT WARNING * * *
You feel sick.
Your Spellcasting skill increases to level 4!
Your Poison Magic skill increases to level 2!
Unknown command.
Unknown command.
Unknown command.
It was a potion of magic.
Magic courses through your body.
* * * LOW HITPOINT WARNING * * *
You feel sick.
It was a potion of lignification.
Your horns disappear.
Your talons disappear.
You turn into a tree.
Your +0 robe melds into your body.
Your roots penetrate the ground.
* * * LOW HITPOINT WARNING * * *
You feel sick.
It was a potion of degeneration.
There was something very wrong with that liquid.
You feel weakened.
You feel dopey.
You feel clumsy.
* * * LOW HITPOINT WARNING * * *
You feel sick.
Unknown command.
It was a potion of attraction.
You feel attractive to monsters.
* * * LOW HITPOINT WARNING * * *
You feel sick.
You die...

###########
#.........######
...####.#######.#....#
......†♣.............#
#######.##...........#
#######.##...._...######
........................
######...####.....###....
....[.............###....
.........###...##..##....
.####...## #...###.##....
........# #...# #..###+#


There were no monsters in sight!

Vanquished Creatures
  An adder (D:2)
  2 dart slugs (D:1)
  6 bats
  2 endoplasms
  3 giant cockroaches (D:1)
  2 goblins (D:1)
  2 hobgoblins (D:1)
  2 kobolds
  2 quokkas
  3 ball pythons
  6 frilled lizards (D:1)
  6 rats
37 creatures vanquished.

Notes
Turn   | Place    | Note
-------+----------+-------------------------------------------
     0 | D:1      | sanka the Deep Elf Transmuter began the quest for the Orb.
     0 | D:1      | Reached XP level 1. HP: 11/11 MP: 6/6
     4 | D:1      | Noticed a demonspawn zombie
   312 | D:1      | Reached XP level 2. HP: 10/16 MP: 6/8
   326 | D:1      | Reached skill level 1 in Poison Magic
  1077 | D:1      | Reached XP level 3. HP: 13/20 MP: 10/10
  1687 | D:2      | Found a sacrificial altar of Ru.
  1846 | D:2      | Reached skill level 4 in Spellcasting
  1849 | D:2      | HP: 1/30 [poisoned by an adder]
  1850 | D:2      | Succumbed to an adder's poison

Illustrated notes

Levels and vault maps discovered:
D:1:      shiori_arrival_whats_in_store_for_you, layout_basic, minmay_cut_off
D:2:      layout_basic, basic_altar, hellmonk_ecumenical_altar_run_dry

Skill      XL: |  1  2  3 |
---------------+----------+-----
Poison Magic   | 1 2 |  2.0
Transmutations | 3 |  3.0
Spellcasting   | 4 |  4.0
Fighting       | |  0.7
Dodging        | |  2.4
Unarmed Combat | |  2.4

Action                   || total
-------------------------++-------
Melee: Unarmed           ||    95
       Kick              ||    25
       Headbutt          ||    18
       Punch             ||     2
 Cast: Beastly Appendage ||    27
  Use: Potion            ||     4
 Stab: Sleeping          ||     1
Armor: Robe              ||    24
Dodge: Dodged            ||    58
